 Dungeon Crawl Stone Soup version 0.23.1 (webtiles) character file.

Game seed: 4898378150529788928

326 Fang the Skirmisher (level 6, -7/40 HPs)
             Began as a Gargoyle Berserker on Mar 7, 2019.
             Was a Believer of Trog.
             Mangled by Marusbir's ghost (9 damage)
             ... on level 3 of the Dungeon.
             The game lasted 00:02:57 (4013 turns).

Fang the Skirmisher (Gargoyle Berserker)            Turns: 4013, Time: 00:02:58

Health: -7/40      AC: 11    Str: 22    XL:     6   Next: 49%
Magic:  6/6        EV: 11    Int:  8    God:    Trog [**....]
Gold:   166        SH:  0    Dex:  9    Spells: 5/5 levels left

rFire    . . .     SeeInvis .   a - +0 hand axe
rCold    . . .     Gourm    .   (no shield)
rNeg     + . .     Faith    .   f - +0 scale mail
rPois    ∞         Spirit   .   (no helmet)
rElec    +         Reflect  .   (no cloak)
rCorr    .         Harm     .   (no gloves)
MR       .....                  (no boots)
Stlth    ..........             (no amulet)
HPRegen  0.13/turn              (no ring)
MPRegen  0.10/turn              (no ring)

@: berserk cooldown, slowed, very slow
A: negative energy resistance 1, electricity resistance, unbreathing,
petrification resistance, rot immunity, AC +4
a: Berserk, Trog's Hand, Renounce Religion


You were on level 3 of the Dungeon.
You worshipped Trog.
Trog was pleased with you.
You were not hungry.

You visited 1 branch of the dungeon, and saw 3 of its levels.

You collected 166 gold pieces.

Inventory:

Hand Weapons
 a - a +0 hand axe (weapon)
Armour
 f - a +0 scale mail (worn)
Scrolls
 b - 2 scrolls of identify {unknown}
 e - a scroll of amnesia {unknown}
 h - 4 scrolls of remove curse {unknown}
Potions
 d - a potion of degeneration {unknown}
 g - 2 potions of lignification {unknown}
 i - a potion of agility {unknown}
 j - a potion of invisibility {unknown}
 k - 2 potions of heal wounds {unknown}
Comestibles
 c - 5 rations


   Skills:
 + Level 4.8 Fighting
 + Level 4.0 Axes
 + Level 4.0 Armour
 + Level 3.0 Dodging


You had 5 spell levels left.
You didn't know any spells.
Your spell library was empty.

Dungeon Overview and Level Annotations

Branches:
Dungeon (3/15)

Altars:
Cheibriados
Elyvilon
Okawaru

Annotations:
D:3 Marusbir's ghost, amateur MiBe


Innate Abilities, Weirdness & Mutations

You are resistant to torment.
Your stone body is resilient. (AC +4)
You are immune to poison.
You resist negative energy. (rN+)
You are resistant to electric shocks. (rElec)
You can survive without breathing.
You are immune to petrification.
You are immune to rotting.


Message History

Marusbir's ghost hits you.
Marusbir's ghost hits you but does no damage.
Marusbir's ghost hits you but does no damage.
Marusbir's ghost hits you but does no damage.
Marusbir's ghost hits you but does no damage.
Marusbir's ghost whispers, "Death is liberation."
Marusbir's ghost hits you!
You feel the effects of Trog's Hand fading.
Things that are here:
3 stones; a +0 short sword Marusbir's ghost misses you.
Marusbir's ghost hits you! Marusbir's ghost hits you!
* * * LOW HITPOINT WARNING * * *
You eat one of the 6 rations.
That ration really hit the spot!
Your skin stops crawling.
You feel less resistant to hostile enchantments.
Marusbir's ghost hits you!
* * * LOW HITPOINT WARNING * * *
Marusbir's ghost hits you!
You die...

#.(..(#......##.(......#
#.(...#.#.#####.########
#...(.'.#.# #.#
#8....'...#####.#
#?.(..'........(#
#(...(#.#######.# ##.....#.##
#.## .########.#### #W.## ##
#.#......###@#.## #
#.#......##.###.## #
###..........## ##.########### #
#........[....###.##.........#
###.#......).##..#.###.#######.#
##....#......###..####.##### #.#
#.....##...###
#....)......###.## ........>.##
#.#####..........# #.....##.##
##'## #.......#..#


You could see Marusbir's ghost.

Vanquished Creatures
  Grinder (D:3)
  Jessica (D:3)
  A worker ant (D:3)
  3 adders (D:2)
  2 worms (D:3)
  3 dart slugs
  4 leopard geckos
  An orc (D:3)
  A ball python (D:1)
  5 bats
  3 giant cockroaches (D:1)
  6 goblins
  6 hobgoblins
  3 jackals (D:2)
  3 kobolds
  3 frilled lizards
  7 rats
53 creatures vanquished.

Notes
Turn   | Place    | Note
-------+----------+-------------------------------------------
     0 | D:1      | Fang the Gargoyle Berserker began the quest for the Orb.
     0 | D:1      | Reached XP level 1. HP: 14/14 MP: 1/1
   403 | D:1      | Reached XP level 2. HP: 11/19 MP: 2/2
  1317 | D:1      | Reached XP level 3. HP: 22/23 MP: 3/3
  1670 | D:2      | Reached ** piety under Trog
  1881 | D:2      | Found a snail-covered altar of Cheibriados.
  1904 | D:2      | Reached XP level 4. HP: 29/29 MP: 4/4
  1943 | D:2      | Found a white marble altar of Elyvilon.
  2350 | D:2      | Found an iron altar of Okawaru.
  2962 | D:3      | Noticed Grinder
  2969 | D:3      | Paralysed by Grinder for 6 turns
  3193 | D:3      | Killed Grinder
  3193 | D:3      | Reached XP level 5. HP: 34/34 MP: 5/5
  3193 | D:3      | Reached XP level 6. HP: 39/39 MP: 6/6
  3352 | D:3      | Found a faded altar of an unknown god.
  3461 | D:3      | Noticed Jessica
  3462 | D:3      | Found a runed translucent gate.
  3469 | D:3      | Killed Jessica
  3511 | D:3      | Found a runed translucent gate.
  3511 | D:3      | Found a runed translucent gate.
  3511 | D:3      | Noticed Marusbir's ghost (amateur MiBe)
  4012 | D:3      | HP: 2/40 [Marusbir's ghost (9)]
  4013 | D:3      | Mangled by Marusbir's ghost

Skill      XL: |  1  2  3  4  5  6 |
---------------+-------------------+-----
Axes           | 3 4 |  4.0
Dodging        | 2 3 |  3.0
Armour         | 3 4 |  4.0
Fighting       | 4 |  4.8

Action                   |  1- 3 |  4- 6 || total
-------------------------+-------+-------++-------
Melee: Hand axe          |   145 |   119 ||   264
Invok: Berserk           |       |     2 ||     2
       Trog's Hand       |       |     1 ||     1
  Eat: Chunk             |     3 |     7 ||    10
       Ration            |       |     1 ||     1
Armor: Animal skin       |    66 |    11 ||    77
       Scale mail        |       |    38 ||    38
Dodge: Dodged            |   107 |    83 ||   190
